 Dungeon Crawl Stone Soup version 0.28-a0-1447-ga5a8893891 (webtiles) character file.

Game seed: 18166797468493267666

3 knot the Skirmisher (level 1, -2/18 HPs)
             Began as a Demonspawn Berserker on Jan 12, 2022.
             Was a Follower of Trog.
             Slain by a jackal (3 damage)
             ... on level 1 of the Dungeon.
             The game lasted 00:00:13 (144 turns).

knot the Skirmisher (Demonspawn Berserker)           Turns: 144, Time: 00:00:13

Health: -2/18      AC:  2    Str: 17    XL:     1   Next: 41%
Magic:  1/1        EV: 12    Int:  8    God:    Trog [*.....]
Gold:   0          SH:  0    Dex: 12    Spells: 0/0 levels left

rFire   . . .      SeeInvis .   a - +0 hand axe
rCold   . . .      Faith    .   (no shield)
rNeg    . . .      Spirit   .   b - +0 animal skin
rPois   .          Reflect  .   (no helmet)
rElec   .          Harm     .   (no cloak)
rCorr   .          Rampage  .   (no gloves)
Will    .....                   (no boots)
Stlth   +.........              (no amulet)
HPRegen 0.06/turn               (no ring)
MPRegen 0.07/turn               (no ring)

@: no status effects
A: no striking features
a: Renounce Religion, Berserk


You were on level 1 of the Dungeon.
You worshipped Trog.
Trog was aware of your devotion.
You visited 1 branch of the dungeon, and saw 1 of its levels.

Inventory:

Hand Weapons
 a - a +0 hand axe (weapon)
Missiles
 c - 59 stones (quivered)
Armour
 b - a +0 animal skin (worn)
Scrolls
 d - 2 scrolls of enchant weapon {unknown}


   Skills:
 - Level 3.0 Fighting
 + Level 2.9 Axes
 - Level 1.7 Armour
 - Level 1.7 Dodging


You couldn't memorise any spells.
You didn't know any spells.
Your spell library was empty.

Dungeon Overview and Level Annotations

Branches:
Dungeon (1/15)

Altars:


Message History

You closely miss the jackal.
The ball python hisses angrily.
The jackal bites you but does no damage.
You barely miss the hobgoblin.
The jackal barks!
You hit the jackal. The jackal completely misses you.
A jackal comes into view.
The jackal closely misses you. The hobgoblin barely misses you.
You barely miss the jackal.
The jackal is heavily wounded.
You closely miss the hobgoblin. The hobgoblin hits you.
The jackal barks!
You hit the hobgoblin.
The hobgoblin is moderately wounded.
You closely miss the jackal. The hobgoblin hits you.
The jackal bites you but does no damage.
The jackal misses you.
You closely miss the jackal.
The jackal is heavily wounded.
You hit the hobgoblin. You closely miss the jackal. The jackal bites you.
The jackal closely misses you. The hobgoblin hits you.
The jackal barely misses you. x2
You are too injured to fight recklessly!
Unknown command.
You fail to use your ability.
A goblin comes into view. It is wielding a +0 club.
The hobgoblin hits you but does no damage.
The jackal bites you.
* * * LOW HITPOINT WARNING * * *
The jackal bites you.
* * * LOW HITPOINT WARNING * * *
You miss the jackal. You hit the hobgoblin.
You kill the hobgoblin!
Trog accepts your kill.
You closely miss the jackal. The jackal bites you.
* * * LOW HITPOINT WARNING * * *
The jackal bites you.
* * * LOW HITPOINT WARNING * * *
The jackal completely misses you. The jackal bites you.
You die...

#.####.##.# ###......#
..##).....# ###....#
#......#...... ###..#
#......#.##### ..####
.....#.#.# ..#.#
#..###.#.# ....
#......... ..#
..##.....#.######hh#####
#.# .....#.#.#..@h......
#.# ....#..#..##h....g.
#.# ....#.#.....S#.....
#.# ...#.....#### ###.
..# ......#.#.# ###
#######.#... #.##### ###
#.# ..######## #.#


You could see 4 jackals, a goblin and a ball python.

Vanquished Creatures
  A giant cockroach (D:1)
  A goblin (D:1)
  A hobgoblin (D:1)
  A frilled lizard (D:1)
4 creatures vanquished.

Notes
Turn   | Place    | Note
-------+----------+-------------------------------------------
     0 | D:1      | knot the Demonspawn Berserker began the quest for the Orb.
     0 | D:1      | Reached XP level 1. HP: 18/18 MP: 1/1
   144 | D:1      | Slain by a jackal

Illustrated notes

Levels and vault maps discovered:
D:1:      lemuel_arrival_funnel, layout_loops_cross, lemuel_old_faithful

Action                   || total
-------------------------++-------
Melee: Hand axe          ||    17
       Punch             ||     1
Armor: Animal skin       ||     7
Dodge: Dodged            ||    14

Table legend: (Time is in decaauts)
 A = Elapsed time spent in this place.
 B = Non-inter-level travel time spent in this place.
 C = Inter-level travel time spent in this place.
 D = Time resting spent in this place.
 E = Time spent auto-exploring this place.
 F = Levels seen in this place.
 G = Mean time per level.
                   A        B        C        D        E       F      G
               +--------+--------+--------+--------+--------+-----+--------+
         Total |    146 |    146 |      0 |      0 |    114 |   1 |  146.0 |
       Dungeon |    146 |    146 |      0 |      0 |    114 |   1 |  146.0 |
               +--------+--------+--------+--------+--------+-----+--------+

Top non-repeatable levels by time:
     D:1: 146 daAuts
